 Dungeon Crawl Stone Soup version 0.31-a0-626-g8143ab4f1d (webtiles) character file.

Game seed: 11764372666820921090

3658 IdlyInterested the Cleaver (level 9, -6/65 HPs)
             Began as a Demonspawn Gladiator on Aug 24, 2023.
             Mangled by a vampire (10 damage)
             ... on level 8 of the Dungeon.
             The game lasted 00:26:20 (7512 turns).

IdlyInterested the Cleaver (Demonspawn Gladiator)   Turns: 7512, Time: 00:26:21

Health: -6/65      AC: 12    Str: 18    XL:     9   Next: 88%
Magic:  9/9        EV: 11    Int: 11    God:
Gold:   450        SH:  9    Dex: 14    Spells: 8/8 levels left

rFire   . . .        a - +0 war axe (freeze)
rCold   . . .        N - +0 kite shield
rNeg    . . .        P - +2 robe {Will+}
rPois   +            O - +0 helmet
rElec   .            f - +0 cloak
rCorr   .            y - +1 pair of gloves "Ephuinu" {-Cast Harm Slay+6}
SInv    .            h - +1 pair of boots
Will    +....        s - amulet of regeneration
Stlth   ++           E - ring of poison resistance
HPRegen 1.10/turn    (no ring)
MPRegen 0.11/turn

%: no spellcasting, harm (+30% outgoing, +20% incoming)
@: weakened, on berserk cooldown, slowed, very slow
A: molten scales 1, foul stench 1, weakness stinger 1
a: no special abilities


You were on level 8 of the Dungeon.
You visited 2 branches of the dungeon, and saw 9 of its levels.

You collected 450 gold pieces.

Inventory:

Hand Weapons
 a - a +0 war axe of freezing (weapon)
 x - the +3 whip of the Sheltering Gods {freeze, *Slow rPois rN+++ Stlth+}
   (You found it on level 6 of the Dungeon)

   rPois:     It protects you from poison rN+++: It renders you almost immune to
   negative energy.
   *Slow:     It may slow you when you take damage.
   Stlth+:    It makes you more stealthy.
 B - a +0 trident
 M - a +0 battleaxe
Missiles
 d - 3 throwing nets
 e - 9 javelins
 i - 37 stones
 l - 10 curare-tipped darts
 K - 28 poisoned darts (quivered)
 R - 7 boomerangs
Armour
 f - a +0 cloak (worn)
 h - a +1 pair of boots (worn)
 m - a +0 plate armour
 y - the +1 pair of gloves "Ephuinu" (worn) {-Cast Harm Slay+6}
   (You found it on level 2 of the Dungeon)

   Slay+6:    It affects your accuracy & damage with ranged weapons and melee
   (+6).
   -Cast:     It prevents spellcasting.
   Harm:      It increases damage dealt and taken.
 I - a +0 pair of gloves
 N - a +0 kite shield (worn)
 O - a +0 helmet (worn)
 P - a +2 robe of willpower (worn)
Magical Staves
 j - a staff of death
 r - a staff of poison
Jewellery
 s - an amulet of regeneration (around neck)
 E - a ring of poison resistance (left hand)
Talismans
 p - a flux talisman
 S - a maw talisman
Wands
 w - a wand of roots (2)
 T - a wand of polymorph (8)
 U - a wand of quicksilver (7)
Scrolls
 b - 4 scrolls of brand weapon
 t - a scroll of enchant armour {unknown}
 u - 3 scrolls of blinking
 v - a scroll of fog
 A - a scroll of amnesia {unknown}
 C - 3 scrolls of teleportation
 F - a scroll of enchant weapon {unknown}
 G - a scroll of revelation
 H - a scroll of silence
 J - a scroll of immolation
Potions
 c - a potion of ambrosia
 g - a potion of resistance
 n - a potion of heal wounds
 o - 2 potions of curing
 q - a potion of brilliance
 z - 2 potions of lignification
 D - a potion of invisibility
 L - a potion of magic
 Q - a potion of haste


   Skills:
 - Level 4.0 Fighting
 * Level 11.3 Axes
 + Level 3.8 Throwing
 - Level 1.0 Armour
 - Level 2.6 Dodging
 - Level 1.0 Stealth
 - Level 4.0 Shields
 - Level 1.0 Unarmed Combat
 - Level 1.0 Evocations
 - Level 1.0 Shapeshifting


You had 8 spell levels left.
You didn't know any spells.
Your spell library contained the following spells:

 Spells                   Type           Power      Damage    Failure   Level
 Summon Small Mammal      Summ           0%         N/A       67%         1
 Blink                    Tloc           0%         N/A       80%         2
 Lesser Beckoning         Tloc           0%         N/A       80%         2
 Momentum Strike          Conj/Tloc      0%         3d8       80%         2
 Call Canine Familiar     Summ           0%         N/A       95%         3
 Inner Flame              Hex/Fire       0%         N/A       95%         3
 Summon Guardian Golem    Hex/Summ       0%         N/A       95%         3
 Anguish                  Hex/Necr       0%         N/A       100%        4
 Cause Fear               Hex            0%         N/A       100%        4
 Manifold Assault         Tloc           0%         N/A       100%        4
 Yara's Violent Unravell  Hex/Tmut       0%         3d3       100%        5
 Dispersal                Tloc           0%         N/A       100%        6
 Enfeeble                 Hex            0%         N/A       100%        7
 Malign Gateway           Summ/Tloc      0%         N/A       100%        7
 Disjunction              Tloc           0%         N/A       100%        8
 Summon Horrible Things   Summ           0%         N/A       100%        8


Dungeon Overview and Level Annotations

Branches:
Dungeon (8/15)             Temple (1/1) D:6
   Lair: D:8-11

Altars:
Ashenzari
Cheibriados
Dithmenos
Fedhas
Gozag
Kikubaaqudgha
Makhleb
Nemelex Xobeh
Okawaru
Qazlal
Ru
Sif Muna
Trog
Uskayaw
Vehumet
Wu Jian
Xom
Yredelemnul

Shops:
D:4 (


Innate Abilities, Weirdness & Mutations

You are partially covered in molten scales. (AC +2)
You may rarely emit foul miasma when damaged in melee.
You have a small tail.


Message History

You kill the gnoll!
You block the gnoll's attack. The sky beast closely misses you.
Something hits you. Something bites you but does no damage.
You slash the gnoll! You freeze the gnoll.
You kill the gnoll!
You hit the sky beast. You freeze the sky beast. You slash something!
You barely miss the sky beast.
Your tail-slap misses the sky beast.
The sky beast is moderately wounded.
You miss something. Something hits you. Something bites you but does no damage.
The sky beast barely misses you.
You barely miss the sky beast.
The sky beast is moderately wounded.
You miss something. Something hits you but does no damage. Something bites you.
Something draws strength from your injuries!
The sky beast misses you.
You hit the sky beast. You freeze the sky beast.
Your tail-slap misses the sky beast.
The sky beast is heavily wounded.
You slash something! You freeze something.
Something draws life force from you!!
The sky beast hits you but does no damage.
You closely miss the sky beast.
The sky beast is heavily wounded.
You closely miss something.
You are no longer berserk.
You are exhausted.
You feel yourself slow down.
You hit the sky beast but do no damage.
Your tail-slap misses the sky beast.
The sky beast is heavily wounded.
You miss something. Something hits you!
* * * LOW HITPOINT WARNING * * *
Something bites you.
* * * LOW HITPOINT WARNING * * *
Something draws strength from your injuries!
You emit a cloud of foul miasma!
The sky beast hits you but does no damage.
Something hits you!
* * * LOW HITPOINT WARNING * * *
Something bites you!
You die...

###...# #.#.#.#.####
#.....#... #........>##
#.#...# .. #..#........
# #...# .. #..#..#.....
#######'###
#######......
..##....(##...##........
...#...~.#.....####....#
...'..8Y)'.....##......#
#..)@§# #..#....#
#....)# #.......#
##..)..##########.....
#......##...# #...##
#.#.#.##.#......# #...##
................# #.....
..#.#.##........# #.>.#.
#.#...........# #.....
####.####†..# #...#.


You could see a sky beast.

Vanquished Creatures
  The ghost of dxb338 the Covert, a journeyman FeSh of Wu Jian (D:7)
  A wizard (D:8)
  A hornet (D:4)
  Sigmund (D:2)
  2 water moccasins
  An ice beast (D:6)
  A black bear (D:5)
  2 ogres
  Blork the orc (D:4)
  3 kobold brigands (D:7)
  2 bullfrogs
  3 scorpions (D:5)
  3 wights (D:7)
  2 howler monkeys
  7 jellies
  2 gnoll boudas
  4 orc priests (D:6)
  3 hounds
  2 orc wizards (D:7)
  2 sleepcaps (D:6)
  2 iguanas (D:6)
  Robin (D:4)
  6 adders
  9 gnolls
  A shadow imp (D:6)
  2 ufetubi
  A worm (D:2)
  2 dart slugs
  22 orcs
  17 endoplasms
  4 giant cockroaches
  16 goblins
  11 hobgoblins
  2 jackals (D:3)
  26 kobolds
  2 quokkas
  7 ball pythons
  9 bats
  2 frilled lizards
  5 rats
191 creatures vanquished.

Notes
Turn   | Place    | Note
-------+----------+-------------------------------------------
     0 | D:1      | IdlyInterested the Demonspawn Gladiator began the quest for
                  | the Orb.
     0 | D:1      | Reached XP level 1. HP: 16/16 MP: 1/1
   201 | D:1      | Reached skill level 1 in Armour
   243 | D:1      | Gained mutation: You have a small tail. [demonic ancestry]
   243 | D:1      | Reached XP level 2. HP: 22/22 MP: 2/2
   385 | D:1      | Reached skill level 1 in Stealth
   391 | D:1      | Reached skill level 3 in Axes
   640 | D:1      | Reached skill level 1 in Unarmed Combat
   645 | D:1      | Gained mutation: You are partially covered in molten
                  | scales. (AC +2) [demonic ancestry]
   645 | D:1      | Reached XP level 3. HP: 27/27 MP: 3/3
  1325 | D:2      | Noticed Sigmund
  1337 | D:2      | Killed Sigmund
  1338 | D:2      | Reached skill level 5 in Axes
  1338 | D:2      | Reached skill level 1 in Shields
  1338 | D:2      | Reached XP level 4. HP: 22/33 MP: 4/4
  1338 | D:2      | Reached XP level 5. HP: 25/38 MP: 5/5
  1663 | D:2      | Identified the +1 pair of gloves "Ephuinu" {-Cast Harm
                  | Slay+6}
  1699 | D:2      | Reached skill level 1 in Shapeshifting
  1710 | D:2      | Reached skill level 1 in Evocations
  1710 | D:2      | Gained mutation: You may rarely emit foul miasma when
                  | damaged in melee. [demonic ancestry]
  1710 | D:2      | Reached XP level 6. HP: 37/44 MP: 6/6
  2345 | D:3      | Found a stormy altar of Qazlal.
  3353 | D:4      | Noticed Blork the orc
  3355 | D:4      | Noticed Robin
  3360 | D:4      | Killed Robin
  3363 | D:4      | Killed Blork the orc
  3364 | D:4      | Reached skill level 6 in Axes
  3591 | D:4      | Found Xaxum's Weapon Emporium.
  3987 | D:4      | Noticed a hornet
  3991 | D:4      | Killed a hornet
  3992 | D:4      | Reached XP level 7. HP: 49/50 MP: 7/7
  4034 | D:5      | Entered Level 5 of the Dungeon
  4062 | D:5      | Reached skill level 7 in Axes
  4122 | D:5      | Found an opulent altar of Gozag.
  4294 | D:5      | Reached XP level 8. HP: 41/58 MP: 8/8
  4638 | D:5      | Reached skill level 8 in Axes
  5696 | D:6      | Reached skill level 9 in Axes
  5706 | D:6      | Found an iron altar of Okawaru.
  5863 | D:6      | Found a staircase to the Ecumenical Temple.
  5888 | Temple   | Entered the Ecumenical Temple
  5957 | D:6      | Found a shimmering blue altar of Sif Muna.
  6058 | D:6      | Identified the +3 whip of the Sheltering Gods {freeze,
                  | *Slow rPois rN+++ Stlth+}
  6574 | D:7      | Reached XP level 9. HP: 63/63 MP: 9/9
  6921 | D:7      | Reached skill level 10 in Axes
  6972 | D:7      | Found a large runed translucent door.
  6972 | D:7      | Found a large runed translucent door.
  7097 | D:7      | Noticed dxb338's ghost (journeyman FeSh)
  7108 | D:7      | Killed dxb338's ghost
  7493 | D:8      | Noticed a wizard
  7502 | D:8      | Killed a wizard
  7503 | D:8      | Reached skill level 11 in Axes
  7512 | D:8      | Mangled by a vampire

Illustrated notes

Levels and vault maps discovered:
D:1:      heliophobic_arrival_ceremonial_halls, layout_loops_ring,
          grunt_decor_fettered
D:2:      cheibrodos_fertilizer, layout_loops_corners, feat_on_display,
          uniq_sigmund
D:3:      layout_basic, mainiacjoe_overflow_catwalk
D:4:      layout_loops_ring, serial_shops, nicolae_shop_hallway_plus,
          uniq_robin, uniq_blork_the_orc
D:5:      layout_basic, nicolae_gozag_seed_capital, serial_corexii_hall,
          corexii_hall_statues_i, corexii_hall_statues_i,
          corexii_hall_statues_s, corexii_hall_statues_l,
          corexii_hall_statues_i, chequers_hall_statues_corner_a, st_stairs_8,
          kennysheep_another_room, corexii_corridor_pit
D:6:      layout_basic, okawaru_gym_becter, kennysheep_little_box,
          minmay_temple_entry_nine_rooms, grunt_ministairs_2, amethyst_killhole
D:7:      layout_rooms, ebering_ghost_disaster_area
D:8:      layout_basic, minmay_three_doors
Temple:   eino_temple_scatter_basement

Skill      XL: |  1  2  3  4  5  6  7  8  9 |
---------------+----------------------------+-----
Armour         | 1 |  1.0
Stealth        | 1 |  1.0
Axes           | 3 5 6 7 9 11 | 11.3
Unarmed Combat | 1 |  1.0
Shields        | 1 2 3 4 |  4.0
Shapeshifting  | 1 |  1.0
Evocations     | 1 |  1.0
Throwing       | 2 3 |  3.8
Fighting       | 3 4 |  4.0
Dodging        | |  2.6

Action                     |  1- 3 |  4- 6 |  7- 9 || total
---------------------------+-------+-------+-------++-------
  Melee: War axe           |    69 |   119 |   147 ||   335
         Tailslap          |     9 |    10 |    14 ||    33
         Punch             |       |     1 |       ||     1
  Throw: Stone             |       |    13 |    29 ||    42
         Javelin           |       |     3 |       ||     3
         Dart              |       |     1 |    14 ||    15
    Use: Scroll            |       |     3 |    14 ||    17
         Potion            |       |       |     3 ||     3
   Stab: Sleeping          |     2 |       |     2 ||     4
 Armour: Leather armour    |     2 |       |       ||     2
         Ring mail         |    16 |       |       ||    16
         Plate armour      |    17 |    90 |    14 ||   121
         Robe              |       |       |    45 ||    45
  Dodge: Dodged            |    23 |    19 |    46 ||    88
  Block: Kite shield       |       |     6 |    44 ||    50

Table legend: (Time is in decaauts)
 A = Elapsed time spent in this place.
 B = Non-inter-level travel time spent in this place.
 C = Inter-level travel time spent in this place.
 D = Time resting spent in this place.
 E = Time spent auto-exploring this place.
 F = Levels seen in this place.
 G = Mean time per level.
                   A        B        C        D        E       F      G
               +--------+--------+--------+--------+--------+-----+--------+
         Total |   7601 |   6325 |   1276 |    242 |   4491 |   9 |  844.6 |
       Dungeon |   7599 |   6323 |   1276 |    242 |   4491 |   8 |  949.9 |
        Temple |      1 |      1 |      0 |      0 |      0 |   1 |    1.0 |
               +--------+--------+--------+--------+--------+-----+--------+

Top non-repeatable levels by time:
     D:5: 1427 daAuts
     D:2: 1390 daAuts
     D:6: 1089 daAuts
     D:3: 1020 daAuts
     D:1: 963 daAuts
     D:4: 775 daAuts
     D:7: 650 daAuts
     D:8: 281 daAuts
  Temple: 1 daAuts
